 Dungeon Crawl Stone Soup version 0.22-a0-455-ga0624bf (webtiles) character file.

1892 Firecrotchwizard the Basher (level 8, 0/83 HPs)
             Began as a Troll Berserker on June 6, 2018.
             Was an Elder of Trog.
             Slain by an orc priest
             ... wielding a +0 flail
              (8 damage)
             ... on level 6 of the Dungeon.
             The game lasted 00:11:21 (4438 turns).

Firecrotchwizard the Basher (Troll Berserker)       Turns: 4438, Time: 00:11:22

Health: 0/83       AC:  6    Str: 28    XL:     8   Next: 93%
Magic:  7/7        EV: 10    Int:  8    God:    Trog [****..]
Gold:   213        SH:  0    Dex:  9    Spells: 7/7 levels left

rFire    . . .     SeeInvis .   A - +0 morningstar
rCold    . . .     Gourm    +   (no shield)
rNeg     . . .     Faith    .   b - +1 animal skin
rPois    +         Spirit   .   (helmet restricted)
rElec    .         Reflect  .   (no cloak)
rCorr    +         Harm     .   (gloves unavailable)
MR       .....                  (boots unavailable)
Stlth    +.........             u - amulet of regeneration {@e1+regen, !d}
HPRegen  1.03/turn              C - ring of resist corrosion
MPRegen  0.10/turn              e - ring of poison resistance {rPois, !d}

@: brilliant, berserk cooldown, hasted and slowed
A: large, unfitting armour, claws 3, fast metabolism 3, gourmand, regeneration
1, shaggy fur 1, tough skin 2
a: Berserk, Trog's Hand, Brothers in Arms, Renounce Religion


You were on level 6 of the Dungeon.
You worshipped Trog.
Trog was greatly pleased with you.
You were very full.

You visited 1 branch of the dungeon, and saw 6 of its levels.
You also visited: Sewer.

You collected 213 gold pieces.

Inventory:

Hand Weapons
 a - a +0 mace
 t - a +0 short sword of speed
   (You found it on level 5 of the Dungeon)
 x - a +1 giant spiked club
   (You found it on level 4 of the Dungeon)
 y - a +0 giant club
   (You took it off an ogre on level 4 of the Dungeon)
 A - a +0 morningstar (weapon)
   (You took it off an orc on level 5 of the Dungeon)
 E - a +2 dagger of venom
   (You took it off a kobold in a sewer)
Armour
 b - a +1 animal skin (worn)
Jewellery
 e - a ring of poison resistance (right claw) {rPois, !d}
   (You found it on level 4 of the Dungeon)
 f - a +5 amulet of reflection
   (You found it on level 1 of the Dungeon)
 i - an uncursed ring of positive energy {rN+}
   (You found it on level 1 of the Dungeon)
 n - an uncursed amulet of harm {unknown}
   (You found it on level 5 of the Dungeon)
 u - an amulet of regeneration (around neck) {@e1+regen, !d}
   (You found it on level 3 of the Dungeon)
 C - a ring of resist corrosion (left claw)
   (You found it on level 5 of the Dungeon)
 H - an uncursed ring of stealth {Stlth+}
   (You found it on level 4 of the Dungeon)
Wands
 s - a wand of polymorph (2)
   (You took it off Grinder on level 3 of the Dungeon)
 w - a wand of disintegration (13) {@e1}
   (You found it on level 4 of the Dungeon)
Scrolls
 h - 2 scrolls of enchant weapon
 j - 3 scrolls of remove curse
 p - a scroll of magic mapping {!r}
 v - 2 scrolls of teleportation
 G - a scroll of identify
 I - a scroll of amnesia {unknown}
Potions
 d - 3 potions of agility {unknown}
 g - 4 potions of brilliance
 k - a potion of ambrosia {unknown}
 l - 2 potions of haste
 m - a potion of lignification {unknown}
 o - 4 potions of curing {unknown}
 q - a potion of resistance {unknown}
 z - 2 potions of berserk rage {!q}
 B - 3 potions of might {unknown}
 D - 3 potions of flight {unknown}
 F - a potion of heal wounds {unknown}
Comestibles
 c - 8 rations {@e1}
 r - 2 chunks of flesh {@w0}


   Skills:
 + Level 6.1 Fighting
 * Level 9.2 Maces & Flails
 - Level 2.4 Dodging


You had 7 spell levels left.
You didn't know any spells.
Your spell library was empty.

Dungeon Overview and Level Annotations

Branches:
Dungeon (6/15)             Temple (0/1) D:5

Altars:
Ashenzari
Cheibriados
Elyvilon
Gozag
Nemelex Xobeh
Ru
Sif Muna
Trog
Xom

Annotations:
D:5 1 runed door


Innate Abilities, Weirdness & Mutations

You are too large for most types of armour.
You have claws for hands.
Your metabolism is lightning-fast.
You like to eat raw meat.
Your natural rate of healing is unusually fast.
You are covered in fur. (AC +1)
You have very tough skin. (AC +2)


Message History

Trog accepts your kill.
Your Maces & Flails skill increases to level 9!
The gnoll hits you with a halberd.
You take 2 damage, and have 38/124 hp.
You impale the orc priest!!
You kill the orc priest!
Trog accepts your kill.
Your Fighting skill increases to level 6!
The crimson imp hits you but does no damage.
The gnoll hits you but does no damage.
You regained 2 hp, and now have 40/124 hp.
You sock the gnoll!
You kill the gnoll!
Trog accepts your kill. The gnoll closely misses you.
The crimson imp closely misses you.
You sock the gnoll! You hit the gnoll.
You feel the power of Trog in you as your rage grows.
You kill the gnoll!
Trog accepts your kill.
You feel the effects of Trog's Hand fading.
The crimson imp hits you.
An orc comes into view. It is wielding a whip.
A gnoll sergeant comes into view. It is wielding a spear of piercing.
The gnoll sergeant shouts!
You hear a shout!
The crimson imp hits you but does no damage.
Items here: )) †† a halberd; a halberd of venom; a gnoll corpse x2
You puncture the orc!
You kill the orc!
Trog accepts your kill.
You miss the crimson imp. The crimson imp misses you.
You regained 2 hp, and now have 47/124 hp.
You closely miss the crimson imp. The crimson imp hits you.
You take 3 damage, and have 44/124 hp.
You barely miss the crimson imp. You impale the crimson imp!!
You kill the crimson imp!
Trog accepts your kill.
You regained 2 hp, and now have 47/124 hp.
The gnoll sergeant hits you but does no damage.
Things that are here:
a whip x2; an orc corpse You sock the gnoll sergeant!
Your skin stops crawling.
You feel less resistant to hostile enchantments.
You barely miss the gnoll sergeant.
The gnoll sergeant hits you with a spear of piercing!
* * * LOW HITPOINT WARNING * * *
x2 A gnoll comes into view.
You take 16 damage, and have 33/124 hp.
You barely miss the gnoll sergeant.
An orc priest comes into view. It is wielding a flail.
The gnoll sergeant hits you with a spear of piercing!
* * * LOW HITPOINT WARNING * * *
x2 You take 13 damage, and have 20/124 hp.
You hit the gnoll sergeant.
The orc priest mumbles some strange prayers to Beogh against you.
Beogh smites you!
* * * LOW HITPOINT WARNING * * *
You take 8 damage, and have 12/124 hp.
You barely miss the gnoll sergeant.
The gnoll sergeant hits you with a spear of piercing!
* * * LOW HITPOINT WARNING * * *
x2 You take 7 damage, and have 5/124 hp.
You hit the gnoll sergeant.
You kill the gnoll sergeant!
Trog accepts your kill.
A bullfrog zombie comes into view.
You are no longer berserk.
You are exhausted.
You feel yourself slow down.
Items here: )) †† a halberd; a halberd of venom; a gnoll corpse x2
You now have 4/83 hp.
Things that are here:
a halberd; a gnoll corpse You regained 2 hp, and now have 6/83 hp.
Things that are here:
a falchion; a ring mail You regained 2 hp, and now have 9/83 hp.
It was a potion of brilliance.
You feel clever all of a sudden.
It was a potion of berserk rage.
You're still recovering from your berserk rage.
You regained 2 hp, and now have 12/83 hp.
It was a potion of haste.
You feel yourself speed up. The gnoll hits you.
* * * LOW HITPOINT WARNING * * *
You closely miss the gnoll. The gnoll hits you but does no damage.
The orc priest mumbles some strange prayers to Beogh against you.
Beogh smites you!
* * * LOW HITPOINT WARNING * * *
You take 8 damage, and have 5/83 hp.
You bludgeon the gnoll!!
You kill the gnoll!
Trog accepts your kill.
You barely miss the orc priest.
The orc priest casts a cantrip, but nothing happens.
You puncture the orc priest! The orc priest hits you with a flail!
You die... . ##..# ##..(.....
Z.g

##...##
###......
.[..##.....#
##.....
#o........#
###...
#...))...##
###.
#..###)...###
## #.
#))....###
##o#.##...###
#@....###...###
# #.#...#
###...####
#..#...#
####..##
#.#....# ##...
#.#.#.... #...
#. .##.... #...
.. .# .....
#..( .# #.
..... #... #...


You could see an orc priest.

Vanquished Creatures
  Grinder (D:3)
  The ghost of GuildmasterMusic the Shield-Bearer, an amateur MiFi (D:4)
  A sky beast (D:4)
  2 ogres
  A centaur (D:5)
  4 big kobolds (Sewer)
  2 gnoll sergeants
  A scorpion (D:4)
  A crimson imp (D:6)
  An orc wizard (D:5)
  2 hounds
  2 jellies
  3 orc priests
  2 iguanas (D:4)
  6 worker ants
  9 gnolls
  5 adders
  A river rat (D:4)
  A shadow imp (D:5)
  10 oozes
  An adder skeleton (D:4)
  4 worms
  A dart slug (D:1)
  5 leopard geckos
  9 orcs
  2 ball pythons
  10 bats
  5 giant cockroaches
  5 goblins
  9 hobgoblins
  2 jackals (D:5)
  27 kobolds
  A quokka (D:3)
  3 frilled lizards
  A jackal skeleton (D:5)
  12 rats
  A fungus (D:2)
154 creatures vanquished.

Vanquished Creatures (others)
  A fungus (D:2)
  5 toadstools (D:2)
6 creatures vanquished.

Grand Total: 160 creatures vanquished

Notes
Turn   | Place    | Note
-------+----------+-------------------------------------------
     0 | D:1      | Firecrotchwizard the Troll Berserker began the quest for the Orb.
     0 | D:1      | Reached XP level 1. HP: 22/22 MP: 0/0
   117 | D:1      | Reached skill level 3 in Maces & Flails
   131 | D:1      | Reached XP level 2. HP: 27/29 MP: 1/1
   299 | D:1      | Found a sparkling altar of Nemelex Xobeh.
   470 | D:1      | Reached ** piety under Trog
   700 | D:2      | Reached XP level 3. HP: 35/36 MP: 2/2
   763 | D:2      | Found a shimmering altar of Xom.
  1125 | D:2      | Found an opulent altar of Gozag.
  1138 | D:2      | Reached skill level 3 in Fighting
  1278 | D:2      | Reached skill level 4 in Maces & Flails
  1342 | D:2      | Reached XP level 4. HP: 38/45 MP: 3/3
  1381 | D:2      | HP: 11/45 [acid (9)]
  1387 | D:2      | HP: 11/67 [ooze (5)]
  1646 | D:3      | Reached XP level 5. HP: 52/53 MP: 4/4
  1728 | D:3      | Noticed Grinder
  1751 | D:3      | Killed Grinder
  1751 | D:3      | Reached skill level 5 in Maces & Flails
  1751 | D:3      | Reached XP level 6. HP: 35/62 MP: 5/5
  1833 | D:3      | Reached *** piety under Trog
  1917 | D:3      | Found a deep blue altar of Sif Muna.
  2068 | D:3      | Found a sacrificial altar of Ru.
  2129 | D:4      | Noticed a sky beast
  2129 | D:4      | an ogre changed into a sky beast
  2145 | D:4      | HP: 14/62 [sky beast (6)]
  2148 | D:4      | Killed a sky beast
  2148 | D:4      | Reached skill level 4 in Fighting
  2206 | D:4      | Reached skill level 6 in Maces & Flails
  2213 | D:4      | Reached XP level 7. HP: 45/70 MP: 6/6
  2388 | D:4      | Found a glowing drain.
  2411 | D:4      | Got a dazzling long sword
  2446 | Sewer    | Entered a sewer
  2618 | Sewer    | Reached skill level 7 in Maces & Flails
  2840 | D:4      | Reached skill level 5 in Fighting
  2908 | D:4      | Noticed GuildmasterMusic's ghost (amateur MiFi)
  2937 | D:4      | Killed GuildmasterMusic's ghost
  2937 | D:4      | Reached XP level 8. HP: 75/80 MP: 7/7
  2979 | D:4      | Found an opulent altar of Gozag.
  2980 | D:4      | Found a shattered altar of Ashenzari.
  2995 | D:4      | Found a white marble altar of Elyvilon.
  3205 | D:5      | Entered Level 5 of the Dungeon
  3433 | D:5      | Found a staircase to the Ecumenical Temple.
  3458 | D:5      | Noticed a moth of wrath
  3460 | D:5      | Found a bloodstained altar of Trog.
  3629 | D:5      | Reached skill level 8 in Maces & Flails
  3660 | D:5      | Reached **** piety under Trog
  3670 | D:5      | Found a snail-covered altar of Cheibriados.
  3749 | D:5      | Found a runed door.
  3842 | D:5      | HP: 17/81 [gnoll (9)]
  4139 | D:5      | Found a bloodstained altar of Trog.
  4410 | D:6      | Reached skill level 9 in Maces & Flails
  4411 | D:6      | Reached skill level 6 in Fighting
  4424 | D:6      | HP: 24/124 [gnoll sergeant/spear of piercing (10)]
  4426 | D:6      | HP: 6/124 [gnoll sergeant/spear of piercing (7)]
  4434 | D:6      | HP: 13/83 [gnoll (1)]
  4435 | D:6      | HP: 5/83 [orc priest/divine providence (9)]
  4438 | D:6      | Slain by an orc priest

Vault maps used:
D:1:      dpeg_arrival_lava_altar, nemelex_diamond_rough_becter
D:2:      cheibrodos_fertilizer, xom_teletrap_fun, nicolae_gozag_seed_capital
D:3:      led_sif_pool, first_ration, hangedman_ru_absence, uniq_grinder
D:4:      overflow_temple_1_default, gammafunk_temple_overflow_statue,
          portal_sewer_entry_a, minmay_splitting_lines
D:5:      overflow_temple_1_default, overflow_temple_1_default, temple_pool_b,
          corexii_leaking_fountain, tgw_trog, uniq_crazy_yiuf_cottage
D:6:      marbit_many_paths, serial_shops, nicolae_shop_overgrown_old_shop,
          serial_gnoll_camp, gnoll_camp_huts_basic, gnoll_camp_mini_hut,
          gnoll_camp_mini_house, gnoll_camp_mini_hut, uniq_pikel,
          uniq_prince_ribbit1
Sewer:    kennysheep_pipe_town

Skill      XL: |  1  2  3  4  5  6  7  8 |
---------------+-------------------------+-----
Maces & Flails | 3 4 5 6 7 9 |  9.2
Fighting       | 3 4 5 6 |  6.1
Dodging        | |  2.4

Action                   |  1- 3 |  4- 6 |  7- 9 || total
-------------------------+-------+-------+-------++-------
Melee: Mace              |   131 |   119 |   236 ||   486
       Morningstar       |       |       |    43 ||    43
Invok: Berserk           |       |     2 |     7 ||     9
       Trog's Hand       |       |     1 |     1 ||     2
Evoke: Wand              |       |     1 |       ||     1
  Use: Scroll            |       |     2 |     8 ||    10
       Potion            |       |       |     3 ||     3
 Stab: Sleeping          |     1 |       |       ||     1
  Eat: Chunk             |    17 |    12 |    27 ||    56
Armor: Animal skin       |    78 |    34 |    82 ||   194
Dodge: Dodged            |    93 |    40 |   146 ||   279

Table legend:
 A = Spawn XP
 B = Non-spawn XP
 C = Spawn XP percentage of total XP
 D = Spawn monster count
 E = Non-spawn monster count
 F = Spawn count percentage of total count
 G = Total turns spent on level
                    A         B        C        D         E        F      G
               +---------+---------+-------+---------+---------+-------+---------
         Total |       0 |    2704 |   0.0 |       0 |     153 |   0.0 |  4438
               +---------+---------+-------+---------+---------+-------+---------
           D:1 |       0 |      38 |   0.0 |       0 |      22 |   0.0 |   673
           D:2 |       0 |     151 |   0.0 |       0 |      30 |   0.0 |   926
           D:3 |       0 |     310 |   0.0 |       0 |      19 |   0.0 |   570
           D:4 |       0 |     715 |   0.0 |       0 |      14 |   0.0 |   880
           D:5 |       0 |     611 |   0.0 |       0 |      28 |   0.0 |   861
           D:6 |       0 |     460 |   0.0 |       0 |      16 |   0.0 |   197
         Sewer |       0 |     419 |   0.0 |       0 |      24 |   0.0 |   331
               +---------+---------+-------+---------+---------+-------+---------

Vault maps used:
D:1:      dpeg_arrival_lava_altar, nemelex_diamond_rough_becter
D:2:      cheibrodos_fertilizer, xom_teletrap_fun, nicolae_gozag_seed_capital
D:3:      led_sif_pool, first_ration, hangedman_ru_absence, uniq_grinder
D:4:      overflow_temple_1_default, gammafunk_temple_overflow_statue,
          portal_sewer_entry_a, minmay_splitting_lines
D:5:      overflow_temple_1_default, overflow_temple_1_default, temple_pool_b,
          corexii_leaking_fountain, tgw_trog, uniq_crazy_yiuf_cottage
D:6:      marbit_many_paths, serial_shops, nicolae_shop_overgrown_old_shop,
          serial_gnoll_camp, gnoll_camp_huts_basic, gnoll_camp_mini_hut,
          gnoll_camp_mini_house, gnoll_camp_mini_hut, uniq_pikel,
          uniq_prince_ribbit1
Sewer:    kennysheep_pipe_town

Table legend:
 A = Turns spent in this place as a percentage of turns spent in the entire game.
 B = Non-inter-level travel turns spent in this place as a percentage of non-inter-level travel turns spent in the entire game.
 C = Inter-level travel turns spent in this place as a percentage of turns spent in this place.
 D = Turns resting spent in this place as a percentage of non-inter-level travel turns spent in this place.
 E = Turns spent auto-exploring this place as a percentage of non-inter-level travel turns spent in this place.
 F = Non-inter-level travel turns spent in this place divided by the number of levels of this place that you've seen.
                   A       B       C       D       E      F
               +-------+-------+-------+-------+-------+----------------------
         Total | 100.0 | 100.0 |   3.9 |  13.5 |  60.0 | 609.4
       Dungeon |  92.5 |  92.2 |   4.2 |  14.2 |  60.7 | 655.8
         Sewer |   7.5 |   7.8 |   0.0 |   5.7 |  52.0 | 331.0
               +-------+-------+-------+-------+-------+----------------------

Table legend:
 A = Kills in this place as a percentage of kills in entire the game.
 B = Kills by you in this place as a percentage of kills by you in the entire game.
 C = Kills by friends in this place as a percentage of kills by friends in the entire game.
 D = Other kills in this place as a percentage of other kills in the entire game.
 E = Experience gained in this place as a percentage of experience gained in the entire game.
 F = Experience gained in this place divided by the number of levels of this place that you have seen.
                   A       B       C       D       E      F
               +-------+-------+-------+-------+-------+----------------------
         Total | 100.0 | 100.0 |   N/A |   N/A | 100.0 | 386.3
       Dungeon |  84.3 |  84.3 |   N/A |   N/A |  84.5 | 380.8
         Sewer |  15.7 |  15.7 |   N/A |   N/A |  15.5 | 419.0
               +-------+-------+-------+-------+-------+----------------------
